[Event "Kuwait Championship Stage-I 2024"]
[Site "Qadsiya"]
[Date "2024.01.23"]
[Round "2.11"]
[White "Aldaihani, Turki"]
[Black "Alghanim, Faisal"]
[Result "1-0"]
[ECO "B13"]
[WhiteElo "1475"]
[BlackElo "1280"]
[Annotator "NA RC COMBH"]
[PlyCount "49"]
[EventDate "2024.01.22"]
[EventType "swiss"]
[EventCountry "KUW"]
[SourceTitle "playchess.com"]
[Source "ChessBase"]
[SourceQuality "1"]
[TimeControl "5400+30"]

1. e4 c6 2. d4 d5 3. exd5 cxd5 4. Bd3 Nf6 5. h3 Nc6 6. Nf3 e6 7. Bg5 Be7 8. c3 O-O 9. O-O Bd7 10. Nbd2 Rc8 11. Ne5 h6 12. Bh4 Qc7 13. f4 Rfe8 14. Bxf6 Bxf6 15. Qh5 g6 16. Bxg6 fxg6 17. Qxg6+ Bg7 18. Ng4 Nd8 19. Nxh6+ Kh8 20. Nf3 Bb5 21. Ng5 Bxh6 22. Qxh6+ Kg8 23. Rf3 Re7 24. Rg3 Nf7 25. Nxe6+ 1-0

[Event "Kuwait Championship Stage-I 2024"]
[Site "Qadsiya"]
[Date "2024.01.23"]
[Round "2.12"]
[White "Alajmi, Fahad KH"]
[Black "Al Subaie, Nasser"]
[Result "0-1"]
[ECO "E24"]
[WhiteElo "1284"]
[BlackElo "1457"]
[Annotator "NA RC COMBH"]
[PlyCount "88"]
[EventDate "2024.01.22"]
[EventType "swiss"]
[EventCountry "KUW"]
[SourceTitle "playchess.com"]
[Source "ChessBase"]
[SourceQuality "1"]
[TimeControl "5400+30"]

1. d4 Nf6 2. c4 e6 3. Nc3 Bb4 4. a3 Bxc3+ 5. bxc3 b6 6. f3 Nh5 7. Be3 f5 8. Bf2 O-O 9. e3 Bb7 10. Bd3 Qg5 11. Kf1 d6 12. Nh3 Qh6 13. Qc2 g5 14. Ke2 g4 15. Ng1 Nd7 16. Kd2 Qf6 17. Ne2 gxf3 18. gxf3 Bxf3 19. Rhg1+ Kh8 20. Ng3 Qh4 21. Be2 Qxh2 22. Nxh5 Qxf2 23. Ng3 Rg8 24. Rgf1 Qh2 25. Rxf3 Rxg3 26. Rff1 Rg2 27. Rae1 Nf6 28. Kc1 Ne4 29. Rh1 Qg3 30. Kb1 Qxe3 31. Bd3 Qg3 32. Bxe4 Rxc2 33. Bxc2 Qxc3 34. Rxe6 Rf8 35. Rh4 Rf7 36. Rh5 Qxc4 37. Reh6 Re7 38. Rxf5 Re1+ 39. Kb2 Qxd4+ 40. Kb3 Re3+ 41. Ka2 Rxa3+ 42. Kxa3 Qe3+ 43. Bb3 Qxh6 44. Rf8+ Qxf8 0-1

[Event "Kuwait Championship Stage-I 2024"]
[Site "Qadsiya"]
[Date "2024.01.24"]
[Round "3.1"]
[White "Hussain, Hashem"]
[Black "Al-Hajiri, Bader"]
[Result "1-0"]
[ECO "B01"]
[WhiteElo "1642"]
[BlackElo "1890"]
[Annotator "NA RC"]
[PlyCount "64"]
[EventDate "2024.01.22"]
[EventType "swiss"]
[EventCountry "KUW"]
[SourceTitle "playchess.com"]
[Source "ChessBase"]
[SourceQuality "1"]
[TimeControl "5400+30"]

1. e4 d5 2. exd5 Qxd5 3. Nf3 e5 4. Nc3 Qa5 5. Bc4 Nc6 6. O-O Bf5 7. d4 O-O-O 8. d5 f6 9. Nh4 Qb4 10. Nxf5 Qxc4 11. Ne3 Qh4 12. Nf5 Qc4 13. Ne3 Qf4 14. g3 Qg5 15. h4 Qg6 16. h5 Qe8 17. Qg4+ Kb8 18. dxc6 Qxc6 19. Qc4 Qe8 20. Ng2 Qxh5 21. Be3 a6 22. Rad1 Rc8 23. Rd7 Nh6 24. Bxh6 Qxh6 25. Rfd1 Qh5 26. Ne3 Qe8 27. Ne4 Be7 28. Qe6 Bf8 29. Qc4 Qg6 30. Nd5 b5 31. Qc6 Qxe4 32. Rxc7 Qe2 1-0

[Event "Kuwait Championship Stage-I 2024"]
[Site "Qadsiya"]
[Date "2024.01.24"]
[Round "3.2"]
[White "Hashem, Khaled"]
[Black "Aldaihani, Turki"]
[Result "1-0"]
[ECO "A04"]
[WhiteElo "1868"]
[BlackElo "1475"]
[Annotator "NA RC"]
[PlyCount "81"]
[EventDate "2024.01.22"]
[EventType "swiss"]
[EventCountry "KUW"]
[SourceTitle "playchess.com"]
[Source "ChessBase"]
[SourceQuality "1"]
[TimeControl "5400+30"]

1. Nf3 c5 2. g3 g6 3. Bg2 Bg7 4. d3 Nc6 5. O-O d6 6. e4 h6 7. c3 Bg4 8. h3 Bxf3 9. Qxf3 e5 10. Be3 Nge7 11. Qe2 O-O 12. Nd2 a6 13. f4 exf4 14. gxf4 f5 15. Nf3 Rc8 16. Rae1 Qa5 17. a3 Rfe8 18. Nd2 b5 19. h4 b4 20. axb4 cxb4 21. Nc4 Qc7 22. Nb6 Rb8 23. Nd5 Nxd5 24. exd5 Nd8 25. c4 h5 26. Qf2 Qd7 27. d4 Nf7 28. c5 Nh6 29. Bf3 Ng4 30. Bxg4 hxg4 31. Qd2 Rbd8 32. Bf2 Rxe1 33. Rxe1 Qb7 34. c6 Qb5 35. Re7 Qxd5 36. c7 Rc8 37. Qxb4 Bf8 38. Qb8 Qa8 39. Qxa8 Rxa8 40. Rd7 Rc8 41. d5 1-0

[Event "Kuwait Championship Stage-I 2024"]
[Site "Qadsiya"]
[Date "2024.01.24"]
[Round "3.3"]
[White "Al Subaie, Nasser"]
[Black "Al Ibrahim, Abdulrahman"]
[Result "0-1"]
[ECO "C55"]
[WhiteElo "1457"]
[BlackElo "1854"]
[Annotator "NA RC"]
[PlyCount "62"]
[EventDate "2024.01.22"]
[EventType "swiss"]
[EventCountry "KUW"]
[SourceTitle "playchess.com"]
[Source "ChessBase"]
[SourceQuality "1"]
[TimeControl "5400+30"]

1. e4 e5 2. Nf3 Nc6 3. Bc4 Nf6 4. d3 Be7 5. O-O O-O 6. Re1 d6 7. a4 Na5 8. Ba2 c5 9. Nbd2 a6 10. Nf1 b5 11. Bd2 b4 12. Ne3 Be6 13. Bxe6 fxe6 14. c3 Rb8 15. cxb4 cxb4 16. Rc1 Nh5 17. Nc4 Nc6 18. Be3 Nf4 19. d4 Nxd4 20. Nxd4 exd4 21. Bxf4 Rxf4 22. Qxd4 d5 23. Qe5 dxc4 24. Qxf4 Bg5 25. Qe5 Bxc1 26. Qxe6+ Kh8 27. Rxc1 c3 28. bxc3 bxc3 29. Qe5 c2 30. Qa1 Qd3 31. h3 Rb1 0-1

[Event "Kuwait Championship Stage-I 2024"]
[Site "Qadsiya"]
[Date "2024.01.24"]
[Round "3.4"]
[White "Alhejab, Meshal"]
[Black "Alfaras, Abdulaziz"]
[Result "1-0"]
[ECO "C41"]
[WhiteElo "1787"]
[BlackElo "1438"]
[Annotator "NA RC"]
[PlyCount "43"]
[EventDate "2024.01.22"]
[EventType "swiss"]
[EventCountry "KUW"]
[SourceTitle "playchess.com"]
[Source "ChessBase"]
[SourceQuality "1"]
[TimeControl "5400+30"]

1. e4 d6 2. d4 Nd7 3. Nf3 e5 4. Bc4 h6 5. dxe5 dxe5 6. Bxf7+ Kxf7 7. Nxe5+ Kf6 8. Qd4 c5 9. Qd5 Qe8 10. Ng4+ Ke7 11. e5 Qg6 12. Ne3 Qe6 13. O-O Qxe5 14. Qd3 Nb6 15. Re1 Kf7 16. Bd2 c4 17. Nxc4 Nxc4 18. Rxe5 Nxe5 19. Qd5+ Kf6 20. Bc3 Be6 21. Bxe5+ Kf5 22. g4+ 1-0

[Event "Kuwait Championship Stage-I 2024"]
[Site "Qadsiya"]
[Date "2024.01.24"]
[Round "3.5"]
[White "Alabdaljader, Mohammed"]
[Black "Alsaqer, Meshal"]
[Result "0-1"]
[ECO "B11"]
[WhiteElo "1353"]
[BlackElo "1753"]
[Annotator "NA"]
[PlyCount "198"]
[EventDate "2024.01.22"]
[EventType "swiss"]
[EventCountry "KUW"]
[SourceTitle "playchess.com"]
[Source "ChessBase"]
[SourceQuality "1"]
[TimeControl "5400+30"]

1. e4 c6 2. Nf3 d5 3. Nc3 dxe4 4. Nxe4 Bg4 5. h3 Bh5 6. Ng3 Bxf3 7. Qxf3 Nf6 8. Bc4 Nbd7 9. d4 e6 10. O-O Be7 11. c3 O-O 12. Re1 a5 13. a4 Nb6 14. Bd3 Nbd5 15. Bc2 Qc7 16. Ne4 Rfe8 17. Re2 b5 18. h4 Nxe4 19. Bxe4 Red8 20. axb5 cxb5 21. Qd3 h6 22. Qxb5 Bxh4 23. Qd3 Ra7 24. Qh3 Bf6 25. Bxh6 gxh6 26. Qxh6 Bg7 27. Qh7+ Kf8 28. Qh4 Qe7 29. Qg3 Qd6 30. Qg5 Rdd7 31. c4 Qf4 32. Qh5 Nf6 33. Qc5+ Qd6 34. Qg5 Qxd4 35. Bc2 Qxc4 36. Re3 Qxc2 37. Rc3 Rd1+ 38. Kh2 Qh7+ 39. Rh3 Qf5 40. Qxf5 exf5 41. Rxd1 Ng4+ 42. Kg1 Bxb2 43. Rb3 Bf6 44. Rb8+ Kg7 45. Rc1 Bd4 46. Rcc8 a4 47. Ra8 Bxf2+ 48. Kf1 a3 49. Rxa7 Bxa7 50. Rc3 Kg6 51. Rxa3 Bc5 52. Ra5 Bd4 53. Ra4 Be5 54. Ke2 Kg5 55. Ra3 f4 56. Ra5 f6 57. Kf3 Kf5 58. Rb5 Nh6 59. Rb7 Ng8 60. Ra7 Nh6 61. Ra8 Nf7 62. Re8 Ng5+ 63. Ke2 Kg4 64. Kf1 Kg3 65. Ra8 Bd4 66. Rh8 Ne4 67. Rh3+ Kg4 68. Rd3 Be3 69. Rd8 Nd2+ 70. Ke2 Kg3 71. Rg8+ Kh2 72. Rg6 Ne4 73. Kf3 Ng5+ 74. Ke2 Kxg2 75. Rxf6 Ne4 76. Rg6+ Ng3+ 77. Kd3 Kf2 78. Ra6 Kf3 79. Rg6 Nh1 80. Rf6 Nf2+ 81. Kc2 Ke2 82. Rg6 f3 83. Rg1 Nd3 84. Rh1 Ne1+ 85. Kc3 Ng2 86. Rb1 Bd2+ 87. Kd4 Ne1 88. Rb7 Be3+ 89. Ke4 Nd3 90. Rh7 Bf4 91. Rh1 f2 92. Kd4 Bg3 93. Ke4 Ne1 94. Kd4 Nf3+ 95. Ke4 Ng1 96. Rh7 f1=Q 97. Rd7 Qf4+ 98. Kd5 Nf3 99. Ke6 Qe5+ 0-1

[Event "Kuwait Championship Stage-I 2024"]
[Site "Qadsiya"]
[Date "2024.01.24"]
[Round "3.6"]
[White "Almohammad, Hamad"]
[Black "AlShourfaa, Hazaa"]
[Result "1-0"]
[ECO "D00"]
[WhiteElo "1296"]
[BlackElo "1701"]
[Annotator "NA"]
[PlyCount "129"]
[EventDate "2024.01.22"]
[EventType "swiss"]
[EventCountry "KUW"]
[SourceTitle "playchess.com"]
[Source "ChessBase"]
[SourceQuality "1"]
[TimeControl "5400+30"]

1. d4 d5 2. Bf4 Nf6 3. e3 e6 4. Bd3 h6 5. Nf3 Be7 6. Nbd2 O-O 7. Ne5 Nbd7 8. Qf3 Nh7 9. h4 Nxe5 10. dxe5 f5 11. g4 Bxh4 12. gxf5 exf5 13. O-O-O Bg5 14. Rdg1 Bxf4 15. exf4 Kh8 16. Qg3 Qe7 17. Nf3 Bd7 18. Nh4 Be8 19. Nxf5 Qf7 20. Qxg7+ Qxg7 21. Rxg7 Rxf5 22. Rxh7+ Kxh7 23. Bxf5+ Bg6 24. Bxg6+ Kxg6 25. Kd2 Rh8 26. Ke3 Rh7 27. Rg1+ Kf5 28. Rg8 c6 29. Rf8+ Ke6 30. Rf6+ Ke7 31. f5 h5 32. Kf3 h4 33. Kg2 h3+ 34. Kh2 Rh5 35. f4 Rh4 36. Rg6 Rxf4 37. Rg7+ Kf8 38. f6 Rf5 39. Re7 d4 40. Kxh3 c5 41. Rxb7 Rxe5 42. Rxa7 Re6 43. Rc7 Rb6 44. b3 Rb5 45. Kg4 Ra5 46. a4 Ke8 47. f7+ Kf8 48. Kf4 c4 49. Rxc4 Kxf7 50. Rxd4 Ke6 51. Ke4 Rc5 52. Kd3 Rh5 53. Kc4 Ra5 54. c3 Ke5 55. Kb4 Ra8 56. a5 Rb8+ 57. Ka4 Rc8 58. Rc4 Rxc4+ 59. bxc4 Kd6 60. Kb5 Kc7 61. a6 Kb8 62. Kc6 Ka7 63. Kd7 Kb6 64. c5+ Ka7 65. c6 1-0

[Event "Kuwait Championship Stage-I 2024"]
[Site "Qadsiya"]
[Date "2024.01.24"]
[Round "3.7"]
[White "Alenezi, Hamad"]
[Black "Eidi, Eisa"]
[Result "1-0"]
[ECO "C01"]
[WhiteElo "1419"]
[BlackElo "1306"]
[Annotator "NA COMBH RC"]
[PlyCount "119"]
[EventDate "2024.01.22"]
[EventType "swiss"]
[EventCountry "KUW"]
[SourceTitle "playchess.com"]
[Source "ChessBase"]
[SourceQuality "1"]
[TimeControl "5400+30"]

1. e4 e6 2. d4 d5 3. exd5 exd5 4. Nf3 Nf6 5. Bd3 Bg4 6. O-O Be7 7. Bf4 O-O 8. c3 c6 9. Nbd2 Nbd7 10. Re1 Re8 11. h3 Bh5 12. Bg3 Nf8 13. Qc2 Bg6 14. Ne5 Bxd3 15. Qxd3 Ng6 16. Qc2 Rc8 17. Qb3 Qb6 18. Rac1 Bf8 19. Ndf3 c5 20. Qxb6 axb6 21. Kf1 Ne7 22. Ng5 Nc6 23. Ngxf7 cxd4 24. cxd4 Nxd4 25. Rcd1 Nf5 26. Bf4 h6 27. g4 Nd6 28. Nxd6 Bxd6 29. Ng6 Rxe1+ 30. Rxe1 Bb4 31. Ne7+ Bxe7 32. Rxe7 Rc2 33. Be5 Ne4 34. Bd4 Nd2+ 35. Kg2 Nc4 36. Rxg7+ Kf8 37. Rxb7 Nxb2 38. Bxb2 Rxb2 39. a4 h5 40. a5 hxg4 41. hxg4 Ra2 42. axb6 Rb2 43. Rb8+ Kg7 44. b7 d4 45. Kf3 Rb3+ 46. Ke4 Rb4 47. f3 Kh7 48. g5 Kg7 49. f4 Kh7 50. f5 Rb1 51. g6+ Kg7 52. f6+ Kxg6 53. Rg8+ Kf7 54. b8=Q Re1+ 55. Kd3 Re3+ 56. Kxd4 Re2 57. Qc7+ Kxf6 58. Qf4+ Ke7 59. Rg7+ Kd8 {[%emt 0:00:08] Check Result:?ev?} 60. Qb8# 1-0

[Event "Kuwait Championship Stage-I 2024"]
[Site "Qadsiya"]
[Date "2024.01.24"]
[Round "3.8"]
[White "Qabazard, Mohamed"]
[Black "Alhassan, Ahmad"]
[Result "1/2-1/2"]
[ECO "B41"]
[WhiteElo "1533"]
[BlackElo "1272"]
[Annotator "NA RC"]
[PlyCount "91"]
[EventDate "2024.01.22"]
[EventType "swiss"]
[EventCountry "KUW"]
[SourceTitle "playchess.com"]
[Source "ChessBase"]
[SourceQuality "1"]
[TimeControl "5400+30"]

1. e4 c5 2. Nf3 e6 3. d4 cxd4 4. Nxd4 a6 5. c4 Nf6 6. Nc3 d6 7. Bd3 Be7 8. Bg5 Nbd7 9. f3 b6 10. Nc6 Qc7 11. Nxe7 Kxe7 12. b3 h6 13. Bh4 Re8 14. g4 g5 15. Bg3 Bb7 16. h4 Rh8 17. Qd2 Rag8 18. Be2 Ne8 19. O-O-O e5 20. hxg5 hxg5 21. Rxh8 Rxh8 22. Qxg5+ Ndf6 23. Kb2 Rg8 24. Qe3 Nd7 25. Bh4+ f6 26. g5 Kd8 27. gxf6 Nexf6 28. Qh6 Rf8 29. Bf1 Kc8 30. Bh3 Bc6 31. Qxf8+ Kb7 32. Bxf6 Nxf8 33. Bg5 Bd7 34. Bg2 Qc5 35. Rd2 Ne6 36. Be7 Nd4 37. Bg5 Be8 38. Be3 b5 39. Bf1 Bf7 40. cxb5 axb5 41. Nxb5 Bh5 42. f4 Bf3 43. fxe5 dxe5 44. Nc3 Qb4 45. Bc4 Kb6 46. Bd5 1/2-1/2

[Event "Kuwait Championship Stage-I 2024"]
[Site "Qadsiya"]
[Date "2024.01.24"]
[Round "3.9"]
[White "Husain, Sulaiman A.M."]
[Black "Alrashidi, Yousef"]
[Result "0-1"]
[ECO "D00"]
[WhiteElo "1636"]
[BlackElo "1512"]
[Annotator "NA RC"]
[PlyCount "52"]
[EventDate "2024.01.22"]
[EventType "swiss"]
[EventCountry "KUW"]
[SourceTitle "playchess.com"]
[Source "ChessBase"]
[SourceQuality "1"]
[TimeControl "5400+30"]

1. d4 d5 2. e4 dxe4 3. Nc3 Nf6 4. f3 exf3 5. Nxf3 e6 6. Bd3 h6 7. O-O Be7 8. Ne4 Nbd7 9. Qe1 Nxe4 10. Bxe4 Nf6 11. Bd3 O-O 12. Qg3 Kh8 13. Be3 Bd6 14. Ne5 Bxe5 15. dxe5 Ng8 16. Rxf7 Rxf7 17. Qg6 Nf6 18. exf6 Qg8 19. Bxh6 Rxf6 20. Bxg7+ Qxg7 21. Qe8+ Rf8 22. Qh5+ Kg8 23. Re1 Rf7 24. Re4 Qf6 25. Rg4+ Kf8 26. Rg3 Qf2+ 0-1

[Event "Kuwait Championship Stage-I 2024"]
[Site "Qadsiya"]
[Date "2024.01.24"]
[Round "3.10"]
[White "Alruwaiyeh, Musa"]
[Black "Alsayer, Bader"]
[Result "1-0"]
[ECO "B44"]
[WhiteElo "1505"]
[BlackElo "1260"]
[Annotator "NA RC COMBH"]
[PlyCount "91"]
[EventDate "2024.01.22"]
[EventType "swiss"]
[EventCountry "KUW"]
[SourceTitle "playchess.com"]
[Source "ChessBase"]
[SourceQuality "1"]
[TimeControl "5400+30"]

1. e4 c5 2. Nf3 Nc6 3. d4 cxd4 4. Nxd4 e6 5. a3 d5 6. Nc3 a6 7. Be2 dxe4 8. Nxc6 Qxd1+ 9. Bxd1 bxc6 10. Nxe4 f5 11. Nc3 Nf6 12. Bf3 Bd7 13. O-O h6 14. Bf4 g5 15. Be5 Be7 16. Bh5+ Kf8 17. Rad1 Be8 18. Bxe8 Rxe8 19. Bxf6 Bxf6 20. Rd6 g4 21. Rxc6 Kf7 22. Re1 h5 23. Rxa6 Rb8 24. Raxe6 Rxb2 25. Nd5 Rh6 26. Nxf6 Rxf6 27. Rxf6+ Kxf6 28. Ra1 Rxc2 29. a4 Rc6 30. a5 Ra6 31. g3 Kg5 32. h3 h4 33. gxh4+ Kxh4 34. hxg4 Kxg4 35. Kg2 f4 36. Ra4 Kg5 37. Kf3 Kg6 38. Kxf4 Kf6 39. Kg4 Kg6 40. f4 Kf6 41. Kg3 Kg6 42. Kf3 Kf5 43. Ke3 Re6+ 44. Kd3 Rd6+ 45. Kc3 Rc6+ 46. Kb4 1-0

[Event "Kuwait Championship Stage-I 2024"]
[Site "Qadsiya"]
[Date "2024.01.24"]
[Round "3.11"]
[White "Khalaf, Ali"]
[Black "Almanaseer, Talal"]
[Result "0-1"]
[ECO "D00"]
[WhiteElo "1426"]
[BlackElo "1249"]
[Annotator "NA"]
[PlyCount "112"]
[EventDate "2024.01.22"]
[EventType "swiss"]
[EventCountry "KUW"]
[SourceTitle "playchess.com"]
[Source "ChessBase"]
[SourceQuality "1"]
[TimeControl "5400+30"]

1. f4 d5 2. Nf3 Nf6 3. e3 e6 4. d4 Be7 5. Bd3 c5 6. c3 O-O 7. O-O b6 8. Qe2 a5 9. Ne5 Qc7 10. Na3 Ba6 11. Nb5 Qb7 12. a4 Nc6 13. Rf3 Nxe5 14. fxe5 Ne4 15. Rh3 f5 16. Bxe4 fxe4 17. Qh5 h6 18. Qg6 Bg5 19. Qxe6+ Kh7 20. Bd2 Rae8 21. Qg4 Qf7 22. Qe2 Bxb5 23. axb5 cxd4 24. cxd4 Qe6 25. Rf1 Rf7 26. Rxf7 Qxf7 27. Qf2 Qe6 28. Bc3 Re7 29. Qe2 Rf7 30. Be1 Qf5 31. Bh4 Bxh4 32. Rxh4 Kg8 33. Rf4 Qe6 34. Rxf7 Qxf7 35. Qg4 Qe7 36. Qc8+ Kh7 37. Qc3 Kg8 38. Qc6 Qb4 39. Qxd5+ Kh7 40. Qxe4+ Kh8 41. h3 Qxb2 42. e6 Qc1+ 43. Kh2 Qc7+ 44. Qe5 Qxe5+ 45. dxe5 Kg8 46. Kg3 a4 47. Kf4 a3 48. Kf5 Kf8 49. Kg6 a2 50. e7+ Kxe7 51. Kxg7 a1=Q 52. Kxh6 Qxe5 53. h4 Qxe3+ 54. Kg6 Qd3+ 55. Kh6 Kf6 56. h5 Qg3 0-1

[Event "Kuwait Championship Stage-I 2024"]
[Site "Qadsiya"]
[Date "2024.01.24"]
[Round "3.12"]
[White "Aljadi, Hussain"]
[Black "Alasfour, Zaid"]
[Result "0-1"]
[ECO "D09"]
[WhiteElo "1419"]
[BlackElo "1188"]
[Annotator "NA COMBH"]
[PlyCount "82"]
[EventDate "2024.01.22"]
[EventType "swiss"]
[EventCountry "KUW"]
[SourceTitle "playchess.com"]
[Source "ChessBase"]
[SourceQuality "1"]
[TimeControl "5400+30"]

1. d4 d5 2. c4 e5 3. dxe5 d4 4. Nf3 Nc6 5. g3 Bg4 6. Bg2 Bxf3 7. Bxf3 Nxe5 8. Bxb7 Rb8 9. Bg2 Bb4+ 10. Bd2 Nf6 11. Bxb4 Rxb4 12. b3 O-O 13. O-O c5 14. Nd2 Re8 15. Qc2 Rb6 16. Ne4 Nxe4 17. Bxe4 Rh6 18. Bg2 Ng4 19. h3 Nf6 20. Rad1 Qe7 21. Rfe1 Nd7 22. Kf1 Rf6 23. Qd2 Qe3 24. Qxe3 Rxe3 25. Rd3 Ne5 26. Rxe3 dxe3 27. f4 g5 28. Bf3 gxf4 29. gxf4 Rxf4 30. Kg2 Rd4 31. Kg3 f5 32. Bh5 Kg7 33. Rf1 Kf6 34. h4 Nd7 35. Rf4 Ke5 36. Rf1 Nf6 37. Bf3 f4+ 38. Kg2 Rd2 39. Ra1 a5 40. Kf1 Nd7 41. Ke1 Nb6 0-1

[Event "Kuwait Championship Stage-I 2024"]
[Site "Qadsiya"]
[Date "2024.01.26"]
[Round "4.1"]
[White "Alsaqer, Meshal"]
[Black "Hashem, Khaled"]
[Result "1-0"]
[ECO "D03"]
[WhiteElo "1753"]
[BlackElo "1868"]
[Annotator "NA RC COMBH"]
[PlyCount "67"]
[EventDate "2024.01.22"]
[EventType "swiss"]
[EventCountry "KUW"]
[SourceTitle "playchess.com"]
[Source "ChessBase"]
[SourceQuality "1"]
[TimeControl "5400+30"]

1. d4 Nf6 2. Bg5 d5 3. Nf3 g6 4. Bxf6 exf6 5. e3 Bg7 6. c4 c6 7. Nc3 dxc4 8. Bxc4 O-O 9. O-O f5 10. Rb1 a5 11. a3 Nd7 12. b4 axb4 13. axb4 c5 $2 14. bxc5 Nxc5 15. Qc2 Ne4 $16 16. Rfc1 Nxc3 17. Qxc3 Qd6 18. g3 f4 19. gxf4 Bf5 20. Qb4 Qd8 21. Ra1 Rb8 22. Bf1 Re8 23. Ra7 Be4 24. Bg2 Bf8 25. Qc4 Qd7 26. Ne5 Rxe5 27. fxe5 Qg4 28. Qf1 Bc6 29. h3 Qxg2+ 30. Qxg2 Bxg2 31. Kxg2 b5 32. Rcc7 b4 33. Rxf7 b3 34. Rfb7 1-0

[Event "Kuwait Championship Stage-I 2024"]
[Site "Qadsiya"]
[Date "2024.01.26"]
[Round "4.2"]
[White "Al Ibrahim, Abdulrahman"]
[Black "Hussain, Hashem"]
[Result "1-0"]
[ECO "B70"]
[WhiteElo "1854"]
[BlackElo "1642"]
[Annotator "NA RC COMBH"]
[PlyCount "60"]
[EventDate "2024.01.22"]
[EventType "swiss"]
[EventCountry "KUW"]
[SourceTitle "playchess.com"]
[Source "ChessBase"]
[SourceQuality "1"]
[TimeControl "5400+30"]

1. e4 c5 2. Nf3 d6 3. d4 cxd4 4. Nxd4 Nf6 5. Nc3 g6 6. Bc4 (6. Be3 $14 {feels stronger.}) 6... Bg7 7. O-O O-O 8. Re1 Nc6 9. Nb3 a5 10. a4 Bd7 11. Nd5 Rc8 12. Bf1 Be6 (12... e6 $14 13. Nxf6+ Bxf6) 13. c3 Nd7 $16 14. h3 f6 15. f4 Bf7 16. f5 Nce5 17. Nd4 Nc5 18. Nb5 Kh8 19. Kh1 Rg8 20. b4 axb4 21. cxb4 Na6 22. Rb1 gxf5 23. exf5 Bf8 24. Be3 Rc6 25. Na7 Bxd5 26. Qxd5 Rc2 27. Qxb7 Nc7 28. Rbc1 Rxc1 29. Rxc1 Rg3 30. Rxc7 Rxe3 1-0

[Event "Kuwait Championship Stage-I 2024"]
[Site "Qadsiya"]
[Date "2024.01.26"]
[Round "4.3"]
[White "Almohammad, Hamad"]
[Black "Alhejab, Meshal"]
[Result "0-1"]
[ECO "D00"]
[WhiteElo "1296"]
[BlackElo "1787"]
[Annotator "NA RC COMBH"]
[PlyCount "72"]
[EventDate "2024.01.22"]
[EventType "swiss"]
[EventCountry "KUW"]
[SourceTitle "playchess.com"]
[Source "ChessBase"]
[SourceQuality "1"]
[TimeControl "5400+30"]

1. d4 Nf6 2. Bf4 e6 3. e3 d5 4. Bd3 c5 5. c3 Qb6 6. Qb3 c4 7. Qxb6 axb6 8. Bc2 Nc6 9. Nf3 b5 10. Nbd2 b4 11. O-O Nh5 12. cxb4 Nxb4 13. Rfc1 Nxf4 14. exf4 Bd6 15. g3 Rxa2 16. Rxa2 Nxa2 17. Ra1 Nb4 18. Ra8 Ke7 19. Bxh7 g6 20. h4 Kd7 21. Ng5 Be7 22. Ndf3 Bxg5 23. Nxg5 f6 24. Nxe6 Kxe6 25. Bxg6 f5 26. f3 Kf6 27. h5 Nc6 28. g4 Nxd4 29. Kf2 Kg7 30. Ke3 Nc6 31. Bxf5 d4+ 32. Kd2 Bxf5 33. h6+ Kh7 34. Ra4 b5 35. Ra6 Bd7 36. Rb6 Rb8 0-1

[Event "Kuwait Championship Stage-I 2024"]
[Site "Qadsiya"]
[Date "2024.01.26"]
[Round "4.4"]
[White "Al-Hajiri, Bader"]
[Black "Alenezi, Hamad"]
[Result "0-1"]
[ECO "B12"]
[WhiteElo "1890"]
[BlackElo "1419"]
[Annotator "NA RC COMBH"]
[PlyCount "64"]
[EventDate "2024.01.22"]
[EventType "swiss"]
[EventCountry "KUW"]
[SourceTitle "playchess.com"]
[Source "ChessBase"]
[SourceQuality "1"]
[TimeControl "5400+30"]

1. e4 c6 2. d4 d5 3. e5 e6 4. f4 c5 5. Nf3 Nc6 6. c3 cxd4 7. cxd4 Nge7 8. Bd3 g6 9. Nc3 Nf5 $14 10. Bxf5 gxf5 11. Ng5 h5 12. Ne2 Be7 13. h4 Qb6 14. b3 Bd7 15. Be3 Bxg5 16. hxg5 O-O-O 17. Ng3 h4 18. Nh5 Rxh5 19. Qxh5 Qb4+ 20. Kf2 Nxd4 21. a3 Qxb3 22. Bxd4 Qg3+ 23. Kg1 Qxf4 24. Rxh4 Qd2 25. Bxa7 Bc6 26. Bb6 d4 27. Rh2 Qb2 28. Rf1 Qxb6 29. Qxf7 d3+ 30. Kh1 d2 31. Qxe6+ Kb8 32. Rd1 Qf2 0-1

[Event "Kuwait Championship Stage-I 2024"]
[Site "Qadsiya"]
[Date "2024.01.26"]
[Round "4.5"]
[White "Eidi, Eisa"]
[Black "AlShourfaa, Hazaa"]
[Result "0-1"]
[ECO "D02"]
[WhiteElo "1306"]
[BlackElo "1701"]
[Annotator "NA RC COMBH"]
[PlyCount "97"]
[EventDate "2024.01.22"]
[EventType "swiss"]
[EventCountry "KUW"]
[SourceTitle "playchess.com"]
[Source "ChessBase"]
[SourceQuality "1"]
[TimeControl "5400+30"]

1. d4 d5 2. Nf3 Nc6 3. g3 Bg4 4. Bg2 Qd7 5. Ne5 Nxe5 6. dxe5 O-O-O 7. h3 Bh5 8. b3 e6 9. Bb2 Bc5 10. O-O Ne7 11. Nd2 Bg6 12. c4 dxc4 13. Nxc4 Qxd1 14. Rfxd1 Nf5 15. Na5 c6 16. Nc4 Nxg3 17. e3 Nf5 18. a3 Bh5 19. Rdc1 Be7 20. b4 Nh4 21. Bd4 Nxg2 22. Kxg2 b6 23. Nd6+ Bxd6 24. exd6 Kd7 25. f4 f6 26. e4 Kxd6 27. e5+ Kc7 28. Bf2 Rd2 29. Rc3 fxe5 30. Rac1 Be8 31. Kg1 exf4 32. Re1 Bd7 33. Re4 Rf8 34. Rf3 g5 35. h4 h6 36. hxg5 hxg5 37. Be1 Rd5 38. Bc3 Kd6 39. Bg7 Rff5 40. Rh3 a5 41. Bc3 axb4 42. axb4 Rd1+ 43. Kf2 Kd5 44. Re2 Kc4 45. Re4+ Kd5 46. Re2 g4 47. Rh7 Kd6 48. Bd2 f3 49. Re3 0-1

[Event "Kuwait Championship Stage-I 2024"]
[Site "Qadsiya"]
[Date "2024.01.26"]
[Round "4.6"]
[White "Alrashidi, Yousef"]
[Black "Alrefae, Ahmad"]
[Result "0-1"]
[ECO "B56"]
[WhiteElo "1512"]
[BlackElo "1338"]
[Annotator "NA RC COMBH"]
[PlyCount "82"]
[EventDate "2024.01.22"]
[EventType "swiss"]
[EventCountry "KUW"]
[SourceTitle "playchess.com"]
[Source "ChessBase"]
[SourceQuality "1"]
[TimeControl "5400+30"]

1. e4 c5 2. Nf3 d6 3. d4 cxd4 4. Nxd4 Nf6 5. Nc3 g6 6. Bd3 Bg7 7. O-O O-O 8. h3 Nc6 9. Nxc6 bxc6 10. Rb1 a5 11. a4 d5 12. exd5 cxd5 13. Nb5 e5 14. Bg5 Bb7 15. c3 Qd7 16. Re1 h6 17. Bh4 Nh5 18. Qg4 Qc6 19. Bf5 Nf4 20. Bd7 Qc5 21. b4 axb4 22. cxb4 Qc4 23. Nd6 Qc7 24. Nb5 Qc4 25. Be7 f5 26. Qd1 Rf7 27. Nd6 Qc7 28. Nxf7 Kxf7 29. Bxf5 gxf5 30. Bc5 d4 31. f3 Qd8 32. Qc2 Qg5 33. Kh2 d3 34. Qf2 Rxa4 35. Be3 Bd5 36. h4 Qf6 37. Bxf4 exf4 38. Red1 Ra2 39. Rd2 Rxd2 40. Qxd2 Qxh4+ 41. Kg1 Bd4+ 0-1

[Event "Kuwait Championship Stage-I 2024"]
[Site "Qadsiya"]
[Date "2024.01.26"]
[Round "4.7"]
[White "Alajmi, Fahad KH"]
[Black "Alruwaiyeh, Musa"]
[Result "0-1"]
[ECO "E81"]
[WhiteElo "1284"]
[BlackElo "1505"]
[Annotator "NA RC COMBH"]
[PlyCount "95"]
[EventDate "2024.01.22"]
[EventType "swiss"]
[EventCountry "KUW"]
[SourceTitle "playchess.com"]
[Source "ChessBase"]
[SourceQuality "1"]
[TimeControl "5400+30"]

1. d4 Nf6 2. c4 g6 3. Nc3 Bg7 4. e4 d6 5. Nge2 O-O 6. f3 Nbd7 7. Bg5 c5 8. d5 h6 9. Be3 Nb6 10. Ng3 e6 11. Qd2 exd5 12. cxd5 Kh7 13. Bd3 Nbd7 14. f4 Ng4 15. Bg1 a6 16. a4 Rb8 17. Nf1 Bxc3 18. bxc3 b5 19. Ne3 Ndf6 20. h3 Nxe3 21. Bxe3 Re8 22. O-O Nxe4 23. Qc2 f5 24. axb5 axb5 25. Ra7+ Bd7 26. c4 b4 27. Bc1 Ra8 28. Rxa8 Qxa8 29. Bb2 Ba4 30. Qc1 Ng3 31. Re1 Ne4 32. Qb1 Nc3 33. Qa1 Rxe1+ 34. Qxe1 Qe8 35. Qxe8 Bxe8 36. Bxc3 bxc3 37. Bc2 g5 38. Kf2 gxf4 39. Kf3 Bg6 40. Kxf4 Kg7 41. Ba4 Kf6 42. Bc2 Be8 43. g3 h5 44. h4 Bd7 45. Bd1 Bc8 46. Ke3 f4+ 47. Kd3 fxg3 48. Kxc3 0-1